 Dungeon Crawl Stone Soup version 0.29-a0-275-g389c0b56f3 (webtiles) character file.

Game seed: 9761508249739926118

49 jmlagarto the Magician (level 3, -7/24 HPs)
             Began as a Demonspawn Hedge Wizard on Mar 11, 2022.
             Was an Initiate of Qazlal.
             Mangled by a two-headed ogre
             ... wielding a +0 giant club
             ... created by the fury of Okawaru
              (16 damage)
             ... on level 1 of the Dungeon.
             The game lasted 00:07:45 (2100 turns).

jmlagarto the Magician (Demonspawn Hedge Wizard)    Turns: 2100, Time: 00:07:46

Health: -7/24      AC:  4    Str: 10    XL:     3   Next: 53%
Magic:  6/8        EV: 12    Int: 17    God:    Qazlal [......]
Gold:   119        SH:  0    Dex: 12    Spells: 6/9 levels left

rFire   + . .      SeeInvis .   a - +0 dagger
rCold   x . .      Faith    .   (no shield)
rNeg    . . .      Spirit   .   b - +0 robe
rPois   .          Reflect  .   c - +0 hat
rElec   .          Harm     .   (no cloak)
rCorr   .          Rampage  .   (no gloves)
Will    .....                   (no boots)
Stlth   ++........              g - amulet of the acrobat
HPRegen 0.08/turn               i - ring of wizardry
MPRegen 0.22/turn               j - ring of fire

@: on blink cooldown
A: yellow scales 1, magic regeneration
a: Renounce Religion


You were on level 1 of the Dungeon.
You worshipped Qazlal.
Qazlal was noncommittal.
You visited 1 branch of the dungeon, and saw 2 of its levels.

You collected 119 gold pieces.

Inventory:

Hand Weapons
 a - a +0 dagger (weapon)
Missiles
 f - 5 poisoned darts
Armour
 b - a +0 robe (worn)
 c - a +0 hat (worn)
Jewellery
 g - an amulet of the acrobat (around neck)
 i - a ring of wizardry (left hand)
 j - a ring of fire (right hand)
Scrolls
 k - a scroll of identify {unknown}
 l - a scroll of teleportation {unknown}
Potions
 d - a potion of magic
 e - a potion of brilliance {unknown}
 h - 3 potions of curing {unknown}


   Skills:
 + Level 0.1 Fighting
 + Level 0.7 Short Blades
 + Level 0.1 Throwing
 + Level 2.0 Dodging
 + Level 1.7 Stealth
 + Level 3.8 Spellcasting
 + Level 1.4 Conjurations
 + Level 1.0 Summonings
 + Level 0.8 Translocations


You had 6 spell levels left.
You knew the following spells:

 Your Spells              Type           Power      Damage    Failure   Level
a - Magic Dart            Conj           32%        1d4       3%          1
b - Blink                 Tloc           12%        N/A       7%          2

Your spell library contained the following spells:

 Spells                   Type           Power      Damage    Failure   Level
 Slow                     Hex            12%        N/A       6%          1
 Call Imp                 Summ           6%         N/A       6%          2
 Conjure Flame            Conj/Fire      8%         6-21      14%         3
 Mephitic Cloud           Conj/Pois/Air  4%         N/A       16%         3


Dungeon Overview and Level Annotations

Branches:
Dungeon (2/15)

Altars:
Okawaru
Qazlal


Innate Abilities, Weirdness & Mutations

You are partially covered in yellow scales. (AC +2)
You regenerate magic rapidly.


Message History

The jackal is moderately wounded.
The jackal bites you but does no damage.
The gnoll hits you from afar with a +0 halberd.
The jackal barely misses you.
You hit the jackal but do no damage.
The jackal is moderately wounded.
The jackal barely misses you. The gnoll hits you but does no damage.
You barely miss the jackal.
The jackal is moderately wounded.
The jackal bites you but does no damage.
The gnoll hits you from afar with a +0 halberd!
Ouch! That really hurt!
* * * LOW HITPOINT WARNING * * *
The jackal bites you but does no damage.
Unknown command.
Casting: Blink (safe; 7% risk of failure)
Press: ? - help, Q - select action, (/) - cycle Dir - look around, f - activate You blink.
A quokka comes into view.
The bat barely misses you.
There is a stone staircase leading up here.
The bat hits you.
* * * LOW HITPOINT WARNING * * *
The jackal bites you but does no damage.
You climb upwards.
You feel stable enough to blink again.
There is a stone staircase leading down here.
There is an open door here.
Magic restored.
Okawaru sends forces against you!
A two-headed ogre comes into view.
It is wielding a +0 giant club and a +0 giant spiked club.
There is a stone staircase leading down here.
You open the door.
There is an open door here.
Casting: Blink (safe; 7% risk of failure)
Press: ? - help, Q - select action, (/) - cycle Dir - look around, f - activate You blink.
The two-headed ogre hits you with a +0 giant club!
Ouch! That really hurt!
You die...

......######.#.8.8.# #.......#
......#......#.....###.......# ##
.............#.....#.........# #.
.............#.8.8.#.........# #.
.............###'###.........# #.
....###......ยง.#.#
#.........#### ..### #......#.#.#
#.......O..... ..#
#......#.O.#########'#.###.
..##############@.########>#.#...
......# ##..........#.#.#.
##.##.# #.####...###.#.#. #.##.#
#..#....## #.#.## #.##.#
#....##.####.#...
####.###########.#####......####
#.............# ########
#############.# ###


You could see a two-headed ogre.

Vanquished Creatures
  An adder (D:1)
  2 dart slugs (D:1)
  2 bats
  2 endoplasms (D:1)
  A goblin (D:1)
  6 hobgoblins
  4 jackals
  2 kobolds (D:1)
  A quokka (D:1)
  5 ball pythons
  A frilled lizard (D:1)
  6 rats
33 creatures vanquished.

Notes
Turn   | Place    | Note
-------+----------+-------------------------------------------
     0 | D:1      | jmlagarto the Demonspawn Hedge Wizard began the quest for
                  | the Orb.
     0 | D:1      | Reached XP level 1. HP: 13/13 MP: 4/4
   550 | D:1      | Gained mutation: You are partially covered in yellow
                  | scales. (AC +2) [demonic ancestry]
   550 | D:1      | Reached XP level 2. HP: 19/19 MP: 2/6
  1335 | D:1      | Gained mutation: You regenerate magic rapidly. [demonic
                  | ancestry]
  1335 | D:1      | Reached XP level 3. HP: 24/24 MP: 2/8
  1525 | D:2      | Found a faded altar of an unknown god.
  1528 | D:2      | Prayed at the altar of an unknown god.
  1528 | D:2      | Became a worshipper of Warmaster Okawaru
  1528 | D:2      | Reached * piety under Okawaru
  1597 | D:2      | Found a stormy altar of Qazlal.
  1617 | D:1      | Learned a level 2 spell: Blink
  1919 | D:2      | Fell from the grace of Okawaru
  1919 | D:2      | Became a worshipper of Qazlal Stormbringer
  2085 | D:1      | Noticed a two-headed ogre
  2100 | D:1      | Mangled by a two-headed ogre

Illustrated notes

Levels and vault maps discovered:
D:1:      elethiomel_arrival_quiet, layout_basic
D:2:      layout_rooms, basic_altar, nicolae_ecumenical_oubliette

Skill      XL: |  1  2  3 |
---------------+----------+-----
Dodging        | 2 |  2.0
Fighting       | |  0.1
Short Blades   | |  0.7
Throwing       | |  0.1
Stealth        | |  1.7
Spellcasting   | |  3.8
Conjurations   | |  1.4
Summonings     | |  1.0
Translocations | |  0.8

Action                   || total
-------------------------++-------
Melee: Dagger            ||   100
       Punch             ||     2
Throw: Dart              ||     6
 Cast: Magic Dart        ||    65
       Blink             ||     3
  Use: Scroll            ||     2
Armor: Robe              ||    38
Dodge: Dodged            ||   122

Table legend: (Time is in decaauts)
 A = Elapsed time spent in this place.
 B = Non-inter-level travel time spent in this place.
 C = Inter-level travel time spent in this place.
 D = Time resting spent in this place.
 E = Time spent auto-exploring this place.
 F = Levels seen in this place.
 G = Mean time per level.
                   A        B        C        D        E       F      G
               +--------+--------+--------+--------+--------+-----+--------+
         Total |   2100 |   2081 |     19 |      0 |   1672 |   2 | 1050.0 |
       Dungeon |   2100 |   2081 |     19 |      0 |   1672 |   2 | 1050.0 |
               +--------+--------+--------+--------+--------+-----+--------+

Top non-repeatable levels by time:
     D:1: 1946 daAuts
     D:2: 154 daAuts
